 Dungeon Crawl Stone Soup version 0.29.0-5-ge4962eb29e (webtiles) character file.

Game seed: 17253548000818309638

15 SensoryNuts the Trooper (level 2, -26/27 HPs)
             Began as a Hill Orc Fighter on Aug 28, 2022.
             Killed by an exploding quokka (53 damage)
             ... ignited by their inner flame
             ... on level 1 of the Dungeon.
             The game lasted 00:00:50 (880 turns).

SensoryNuts the Trooper (Hill Orc Fighter)           Turns: 880, Time: 00:00:50

Health: -26/27     AC:  6    Str: 18    XL:     2   Next: 50%
Magic:  2/2        EV:  9    Int:  8    God:
Gold:   40         SH:  4    Dex: 10    Spells: 1/1 levels left

rFire   . . .      SeeInvis .   a - +0 war axe
rCold   . . .      Faith    .   c - +0 buckler
rNeg    . . .      Spirit   .   b - +0 scale mail
rPois   .          Reflect  .   (no helmet)
rElec   .          Harm     .   (no cloak)
rCorr   .          Rampage  .   (no gloves)
Will    .....                   (no boots)
Stlth   ..........              (no amulet)
HPRegen 0.09/turn               (no ring)
MPRegen 0.08/turn               (no ring)

@: no status effects
A: no striking features
a: no special abilities


You were on level 1 of the Dungeon.
You visited 1 branch of the dungeon, and saw 1 of its levels.

You collected 40 gold pieces.

Inventory:

Hand Weapons
 a - a +0 war axe (weapon)
Armour
 b - a +0 scale mail (worn)
 c - a +0 buckler (worn)
Jewellery
 m - a ring of positive energy
Scrolls
 h - a scroll of poison
 l - 2 scrolls of immolation
Potions
 d - a potion of might
 f - a potion of magic
 g - a potion of berserk rage
 k - a potion of cancellation {unknown}


   Skills:
 + Level 3.7 Fighting
 * Level 3.5 Axes
 + Level 3.3 Armour
 + Level 3.5 Shields


You had one spell level left.
You didn't know any spells.
Your spell library contained the following spells:

 Spells                   Type           Power      Damage    Failure   Level
 Animate Dead             Necr           0%         N/A       100%        4
 Borgnjor's Vile Clutch   Necr/Erth      0%         N/A       100%        5
 Death Channel            Necr           0%         N/A       100%        6


Dungeon Overview and Level Annotations

Branches:
Dungeon (1/15)

Altars:

Shops:
D:1 (


Message History

You enter the transporter and appear at another place.
There is a staircase leading out of the dungeon here.
There is a transporter here.
You enter the transporter and appear at another place.
You can't go up here!
There is an escape hatch in the floor here.
There is a transporter here.
As you read the scroll labelled XALUAQ LAIXT, it crumbles to dust.
It is a scroll of identify.
f - a potion of magic
As you read the scroll of identify, it crumbles to dust.
g - a potion of berserk rage The air fills with toxic fumes!
As you read the scroll labelled QUTERU NOQUIWN, it crumbles to dust.
It was a scroll of poison.
As you read the scroll labelled UBIZXA OTWERGH, it crumbles to dust.
Wisps of shadow whirl around you...
It was a scroll of summoning.
As you read the scroll labelled XODDUH ESTREOLA, it crumbles to dust.
It is a scroll of amnesia.
You feel forgetful for a moment.
Your quokka is engulfed in poison gas.
Your quokka is poisoned.
Your rat is engulfed in poison gas.
Your rat is poisoned.
You kill your rat!
Your rat's corpse dissolves into shadows!
Your frilled lizard is engulfed in poison gas.
Your frilled lizard is poisoned.
You kill your frilled lizard!
Your frilled lizard's corpse dissolves into shadows!
Unknown command.
As you read the scroll labelled EMNANU UTTA, it crumbles to dust.
The creatures around you are filled with an inner flame!
It was a scroll of immolation.
Flame seeps out of your quokka.
Your quokka is engulfed in poison gas.
Your quokka looks even sicker.
Your quokka's corpse dissolves into shadows!
Your quokka explodes!
The fiery explosion engulfs you!!!
Ouch! That really hurt!
You die...

..#.# #...#...#.................
###.# #....§§§#§§.§§..##.#######
....# #.....§§#§##§#...#......##
....# #.#####§#§§§§###§#..###.##
....# #.(.§§§§§§§§§§§§....# #.#
....# ######§§§§§§§§##§##.# #.#
....# ####§§§§§§§§§§§§§§...###.#
....###≈≈§§§§§§§§§§§§§###......#
....##~≈≈§§§§§§§@§§§§§###.#######
....#~≈≈≈§§§§§§§§§§§§§##........#
....#≈≈≈≈§§§§§§§§§§§§§§#........#
....#~≈≈~§§§§§§§§§§§§§§§........#
......≈≈~§§§§§§§§§§§§§##........#
....#~.≈.§§§§§§§§§§§§§##........#
....#≈≈.~§§§§§§§§§§§§###........#
....#≈≈≈~§§§§§§§§§§§## #........#
....#~≈≈≈≈~≈≈≈~≈≈#######.........


There were no monsters in sight!

Vanquished Creatures
  A dart slug (D:1)
  A bat (D:1)
  2 endoplasms (D:1)
  2 giant cockroaches (D:1)
  A hobgoblin (D:1)
  A kobold (D:1)
  A frilled lizard (D:1)
  3 rats (D:1)
12 creatures vanquished.

Notes
Turn   | Place    | Note
-------+----------+-------------------------------------------
     0 | D:1      | SensoryNuts the Hill Orc Fighter began the quest for the
                  | Orb.
     0 | D:1      | Reached XP level 1. HP: 19/19 MP: 1/1
   277 | D:1      | Reached XP level 2. HP: 21/26 MP: 2/2
   331 | D:1      | Found Taydoukh's Weapon Emporium.
   695 | D:1      | Found a faded altar of an unknown god.
   880 | D:1      | Killed by an exploding quokka... ignited by their inner
                  | flame

Illustrated notes

Levels and vault maps discovered:
D:1:      spicycebolla_arrival_transporter_tutorial, layout_basic,
          shapermc_ecumenical_altar_mp_highgroup, serial_shops,
          nicolae_shop_bloodbath_and_beyond

Skill      XL: |  1 |
---------------+----+-----
Axes           | 3 |  3.5
Fighting       | |  3.7
Armour         | |  3.3
Shields        | |  3.5

Action                   || total
-------------------------++-------
Melee: War axe           ||    26
  Use: Scroll            ||     6
Armor: Scale mail        ||     7
Dodge: Dodged            ||    16
Block: Buckler           ||     5
